Blue Jackets vs Sharks
Created - 14 décembre 2013 at 09:49
Goals
|
| Blue Jackets |
1 |
0 |
1 |
2 |
| Sharks |
2 |
3 |
1 |
6 |
|
Shots
|
| Blue Jackets |
8 |
12 |
10 |
30 |
| Sharks |
11 |
10 |
5 |
26 |
|
1st period
1. Sharks , Mikko Koivu 8 (Ian Laperriere) at 2:28
2. Blue Jackets , Marcus Nilson 7 (Wade Redden) at 4:36
3. Sharks , Dany Heatley 13 (Henrik Sedin, David Krejci) at 11:26
Penalties :
No Penalty
2nd period
4. Sharks , Henrik Sedin 14 (Filip Kuba) at 0:06
5. Sharks , Henrik Sedin 15 (David Hale, Dany Heatley) at 9:57
6. Sharks , Mikko Koivu 9 (Filip Kuba, Daniel Sedin) at 10:53 (PP)
Penalties :
Derek Morris (Clb) for Diving (Minor) at 5:41, Jason Ward (Clb) for Hooking (Minor) at 10:16, Martin Samuelsson (SJS) for Hooking (Minor) at 13:45, Pavel Bure (Clb) for Slashing (Minor) at 13:45, Dany Heatley (SJS) for Hooking (Minor) at 18:47
3rd period
7. Blue Jackets , Ladislav Nagy 3 (Ben Guite, Branislav Mezei) at 3:18
8. Sharks , Henrik Sedin 16 (Dany Heatley) at 4:36 (PP)
Penalties :
Pavel Bure (Clb) for Slashing (Minor) at 4:28, Shaone Morrisonn (Clb) for Interference (Minor) at 6:56, Georges Laraque (SJS) for Hooking (Minor) at 10:08, Adam Mair (SJS) for Holding (Minor) at 14:55
Goalie Stats
Jaroslav Halak (Clb), 12 saves from 16 shots - (0,750), L, 1-5-0, 29:57 minutes
Miika Kiprusoff (Clb), 8 saves from 10 shots - (0,800), 30:03 minutes
Martin Biron (SJS), 28 saves from 30 shots - (0,933), W, 5-2-4, 60:00 minutes
Players Stats for Blue Jackets
Player Name G A P +/- PIM S H SB GA TA FO MP PP MP PK MP
------------------------------------------------------------------------------------
Adam Deadmarsh 0 0 0 0 0 1 1 0 0 0 1/1 11:40 2:28 0:00
Andrew Ebbett 0 0 0 0 0 0 0 0 0 0 2/4 10:49 0:00 0:23
Ben Guite 0 1 1 1 0 0 0 0 0 0 0/0 10:34 0:00 0:00
Brad Stuart 0 0 0 0 0 0 0 1 1 2 0/0 13:41 0:00 0:00
Branislav Mezei 0 1 1 1 0 0 1 1 0 0 0/0 18:48 2:09 1:20
Dave Steckel 0 0 0 1 0 1 1 0 0 1 1/3 10:34 0:00 0:00
David Booth 0 0 0 -4 0 1 0 0 0 2 0/0 21:09 3:29 1:46
Derek Morris 0 0 0 1 2 0 2 0 1 0 0/0 18:27 2:09 0:39
Jan Bulis 0 0 0 1 0 2 0 2 1 0 0/10 15:05 2:28 0:37
Jason Ward 0 0 0 1 2 2 1 0 1 1 0/0 13:41 0:00 1:10
Kevin Bieksa 0 0 0 -3 0 3 2 1 1 0 0/0 27:31 3:48 3:23
Ladislav Nagy 1 0 1 1 0 4 0 0 0 0 0/0 12:06 0:00 0:16
Marc Savard 0 0 0 -4 0 3 4 0 0 0 13/38 22:22 3:29 2:41
Marcus Nilson 1 0 1 1 0 2 1 1 0 0 0/0 14:28 2:28 0:00
Michael Frolik 0 0 0 0 0 2 0 0 0 0 0/0 9:07 0:00 0:00
Pavel Bure 0 0 0 -4 4 4 1 0 0 0 1/1 21:15 3:29 2:33
Shaone Morrisonn 0 0 0 0 2 0 0 1 0 0 0/0 14:25 0:00 0:41
Wade Redden 0 1 1 -3 0 5 0 0 2 1 0/0 27:31 3:48 3:23
Players Stats for Sharks
Player Name G A P +/- PIM S H SB GA TA FO MP PP MP PK MP
------------------------------------------------------------------------------------
Adam Mair 0 0 0 0 2 2 0 0 0 0 3/5 11:39 0:00 2:23
Adam Pardy 0 0 0 0 0 0 0 2 0 1 0/0 14:09 0:00 0:16
Alex Pietrangelo 0 0 0 0 0 1 0 1 0 1 0/0 14:09 0:00 0:16
Andrei Markov 0 0 0 1 0 0 3 1 2 0 0/0 19:36 1:56 1:45
Daniel Sedin 0 1 1 0 0 5 3 1 1 0 0/0 19:14 2:02 1:21
Dany Heatley 1 2 3 3 2 4 0 1 1 0 5/8 19:50 2:31 2:33
David Hale 0 1 1 1 0 0 1 2 0 0 0/0 19:36 1:56 1:45
David Krejci 0 1 1 -1 0 1 3 2 1 0 2/4 11:51 0:00 0:36
Filip Kuba 0 2 2 1 0 2 4 1 1 0 0/0 26:15 2:47 3:56
Georges Laraque 0 0 0 3 2 1 1 1 0 0 0/0 19:29 2:30 0:06
Henrik Sedin 3 1 4 3 0 4 1 1 1 1 28/38 21:23 2:31 4:05
Ian Laperriere 0 1 1 0 0 0 0 1 0 0 0/0 14:46 2:02 0:00
Joni Pitkanen 0 0 0 1 0 0 3 2 0 3 0/0 26:15 2:47 3:56
Martin Samuelsson 0 0 0 -1 2 0 0 1 0 1 0/0 9:08 0:00 0:31
Mikko Koivu 2 0 2 0 0 4 3 0 0 0 1/2 15:05 2:02 0:19
Patrick Eaves 0 0 0 0 0 2 1 0 0 0 0/0 10:14 0:10 0:00
Ryan Callahan 0 0 0 -1 0 0 1 0 0 0 0/0 9:02 0:06 0:00
Tomas Fleischmann 0 0 0 0 0 0 2 0 0 0 0/0 10:19 0:15 0:00
3 Stars
1 - Henrik Sedin (SJS)
2 - Dany Heatley (SJS)
3 - Mikko Koivu (SJS)
Power Play
Blue Jackets - 0 on 3 Attempt(s) - 0,00%
Sharks - 2 on 4 Attempt(s) - 50,00%
Penalty Kill
Blue Jackets - 2 on 4 Attempt(s) - 50,00%
- Score 0 goal in Penalty Kill
Sharks - 3 on 3 Attempt(s) - 100,00%
- Score 0 goal in Penalty Kill
Official
Referees : Banfield David and Jackson Dave
Linesman : Michel Cormier and Derek Nansen
Game Notes
Miika Kiprusoff enters game at 9:57 of 2nd period
Henrik Sedin has scored a Hat Trick!
Finance
Level 1 -- Attendance: 5325 (88,75%) -- Ticket Income 452 625 $
Level 2 -- Attendance: 3915 (78,30%) -- Ticket Income 207 495 $
Level 3 -- Attendance: 1478 (73,90%) -- Ticket Income 50 252 $
Level 4 -- Attendance: 3705 (92,63%) -- Ticket Income 70 395 $
Luxury Box -- Attendance: 649 (64,90%) -- Ticket Income 116 820 $
Game was played at the Hockey Place Center
Total Attendance: 15072 (83,73%)
Total Ticket Income: 897 587 $
Other Income: 134 638 $
Total Income: 1 032 225 $
Blue Jackets
5 vs 5 Forward
Center Left Wing Right Wing Time % Phy DF OF
1 Marc Savard David Booth Pavel Bure 40 1 2 2
2 Jan Bulis Marcus Nilson Jason Ward 32 1 2 2
3 Andrew Ebbett Michael Frolik Adam Deadmarsh 25 1 2 2
4 Dave Steckel Ladislav Nagy Ben Guite 3 1 2 2
5 vs 5 Defense
Defense Defense Time % Phy DF OF
1 Wade Redden Kevin Bieksa 40 1 2 2
2 Branislav Mezei Derek Morris 30 1 2 2
3 Brad Stuart Shaone Morrisonn 20 1 2 2
4 Wade Redden Kevin Bieksa 10 1 2 2
PowerPlay Forward
Center Left Wing Right Wing Time % Phy DF OF
1 Marc Savard David Booth Pavel Bure 60 1 2 2
2 Jan Bulis Marcus Nilson Adam Deadmarsh 40 1 2 2
PowerPlay Defense
Defense Defense Time % Phy DF OF
1 Wade Redden Kevin Bieksa 60 1 2 2
2 Branislav Mezei Derek Morris 40 1 2 2
Penalty Kill 4 Players Forward
Center Wing Time % Phy DF OF
1 Marc Savard Pavel Bure 60 1 2 2
2 Jan Bulis David Booth 40 1 2 2
Penalty Kill 4 Players Defense
Defense Defense Time % Phy DF OF
1 Wade Redden Kevin Bieksa 60 1 2 2
2 Branislav Mezei Derek Morris 40 1 2 2
Penalty Kill - 3 Players Forward
Forward Time % Phy DF OF
1 Marc Savard 60 1 2 2
2 Pavel Bure 40 1 2 2
Penalty Kill - 3 Players Defense
Defense Defense Time % Phy DF OF
1 Wade Redden Kevin Bieksa 60 1 2 2
2 Branislav Mezei Derek Morris 40 1 2 2
4 vs 4 Forward
Center Wing Time % Phy DF OF
1 Marc Savard Pavel Bure 60 1 2 2
2 Jan Bulis David Booth 40 1 2 2
4 vs 4 Defense
Defense Defense Time % Phy DF OF
1 Wade Redden Kevin Bieksa 60 1 2 2
2 Branislav Mezei Derek Morris 40 1 2 2
Last Minutes Offensive
Center Left Wing Right Wing Defense Defense
Marc Savard David Booth Pavel Bure Wade Redden Kevin Bieksa
Last Minutes Defensive
Center Left Wing Right Wing Defense Defense
Marc Savard David Booth Pavel Bure Wade Redden Kevin Bieksa
Goaltenders
Starting : Jaroslav Halak
Backup : Miika Kiprusoff
Extra Forwards
Normal : Andrew Ebbett, Ladislav Nagy, Jason Ward - PP : Andrew Ebbett, Ladislav Nagy - PK : Jason Ward
Extra Defensemen
Normal : Brad Stuart, Shaone Morrisonn, Branislav Mezei - PP : Brad Stuart - PK : Shaone Morrisonn, Branislav Mezei
Penalty Shots
Marc Savard, Pavel Bure, Jan Bulis, David Booth, Marcus Nilson
Sharks
5 vs 5 Forward
Center Left Wing Right Wing Time % Phy DF OF
1 Henrik Sedin Dany Heatley Georges Laraque 40 1 2 2
2 Mikko Koivu Daniel Sedin Ian Laperriere 30 1 2 2
3 Adam Mair Tomas Fleischmann Patrick Eaves 20 1 2 2
4 David Krejci Martin Samuelsson Ryan Callahan 10 1 2 2
5 vs 5 Defense
Defense Defense Time % Phy DF OF
1 Joni Pitkanen Filip Kuba 40 1 2 2
2 Andrei Markov David Hale 30 1 2 2
3 Adam Pardy Alex Pietrangelo 20 1 2 2
4 Joni Pitkanen Filip Kuba 10 1 2 2
PowerPlay Forward
Center Left Wing Right Wing Time % Phy DF OF
1 Henrik Sedin Dany Heatley Georges Laraque 60 1 2 2
2 Mikko Koivu Daniel Sedin Ian Laperriere 40 1 2 2
PowerPlay Defense
Defense Defense Time % Phy DF OF
1 Joni Pitkanen Filip Kuba 60 1 2 2
2 Andrei Markov David Hale 40 1 2 2
Penalty Kill 4 Players Forward
Center Wing Time % Phy DF OF
1 Dany Heatley Henrik Sedin 60 1 2 2
2 Daniel Sedin Georges Laraque 40 1 2 2
Penalty Kill 4 Players Defense
Defense Defense Time % Phy DF OF
1 Joni Pitkanen Filip Kuba 60 1 2 2
2 Andrei Markov David Hale 40 1 2 2
Penalty Kill - 3 Players Forward
Forward Time % Phy DF OF
1 Dany Heatley 60 1 2 2
2 Henrik Sedin 40 1 2 2
Penalty Kill - 3 Players Defense
Defense Defense Time % Phy DF OF
1 Joni Pitkanen Filip Kuba 60 1 2 2
2 Andrei Markov David Hale 40 1 2 2
4 vs 4 Forward
Center Wing Time % Phy DF OF
1 Dany Heatley Henrik Sedin 60 1 2 2
2 Daniel Sedin Georges Laraque 40 1 2 2
4 vs 4 Defense
Defense Defense Time % Phy DF OF
1 Joni Pitkanen Filip Kuba 60 1 2 2
2 Andrei Markov David Hale 40 1 2 2
Last Minutes Offensive
Center Left Wing Right Wing Defense Defense
Henrik Sedin Dany Heatley Georges Laraque Joni Pitkanen Filip Kuba
Last Minutes Defensive
Center Left Wing Right Wing Defense Defense
Henrik Sedin Dany Heatley Georges Laraque Joni Pitkanen Filip Kuba
Goaltenders
Starting : Martin Biron
Backup : Tyler Weiman
Extra Forwards
Normal : Tomas Fleischmann, Patrick Eaves, Adam Mair - PP : Tomas Fleischmann, Patrick Eaves - PK : Adam Mair
Extra Defensemen
Normal : Adam Pardy, Alex Pietrangelo, Andrei Markov - PP : Adam Pardy - PK : Alex Pietrangelo, Andrei Markov
Penalty Shots
Dany Heatley, Henrik Sedin, Daniel Sedin, Georges Laraque, Mikko Koivu
% Time on Ice - Blue Jackets
Lines # - Real PCT - Wanted PCT - Time Play
Normal Forward
1 - 33% - 40% - 15:40
2 - 25% - 32% - 12:00
3 - 19% - 25% - 9:07
4 - 22% - 3% - 10:34
Normal Defense
1 - 37% - 40% - 17:31
2 - 31% - 30% - 14:31
3 - 29% - 20% - 13:41
4 - 3% - 10% - 1:38
PP Forward
1 - 59% - 60% - 3:29
2 - 41% - 40% - 2:28
PP Defense
1 - 64% - 60% - 3:48
2 - 36% - 40% - 2:09
PK Forward
1 - 87% - 60% - 4:06
2 - 13% - 40% - 0:37
PK Defense
1 - 72% - 60% - 3:23
2 - 28% - 40% - 1:20
PK3 Forward
1 - 0% - 60%
2 - 0% - 40%
PK3 Defense
1 - 0% - 60%
2 - 0% - 40%
44 Forward
1 - 100% - 60% - 1:59
2 - 0% - 40% - 0:00
44 Defense
1 - 60% - 60% - 1:11
2 - 40% - 40% - 0:48
Last Minute Offensive - 0:00
Last Minute Defensive - 0:00
Total
Forward - 60:00
Defense - 60:00
|
% Time on Ice - Sharks
Lines # - Real PCT - Wanted PCT - Time Play
Normal Forward
1 - 35% - 40% - 16:46
2 - 27% - 30% - 12:44
3 - 19% - 20% - 9:13
4 - 18% - 10% - 8:38
Normal Defense
1 - 36% - 40% - 16:57
2 - 32% - 30% - 15:15
3 - 29% - 20% - 13:48
4 - 3% - 10% - 1:21
PP Forward
1 - 57% - 60% - 2:41
2 - 43% - 40% - 2:02
PP Defense
1 - 59% - 60% - 2:47
2 - 41% - 40% - 1:56
PK Forward
1 - 92% - 60% - 5:27
2 - 8% - 40% - 0:30
PK Defense
1 - 71% - 60% - 4:12
2 - 29% - 40% - 1:45
PK3 Forward
1 - 0% - 60%
2 - 0% - 40%
PK3 Defense
1 - 0% - 60%
2 - 0% - 40%
44 Forward
1 - 75% - 60% - 1:29
2 - 25% - 40% - 0:30
44 Defense
1 - 66% - 60% - 1:19
2 - 34% - 40% - 0:40
Last Minute Offensive - 0:00
Last Minute Defensive - 0:00
Total
Forward - 60:00
Defense - 60:00
|
Play by Play
1st period
0:01 of 1st period - Dany Heatley wins face-off versus Marc Savard in neutral zone.
0:04 of 1st period - Wrist shot by Dany Heatley.
0:04 of 1st period - Shot Misses the Net.
0:33 of 1st period - Marcus Nilson is hit by Filip Kuba and loses puck.
1:14 of 1st period - Snap shot by Adam Mair.
1:14 of 1st period - Stopped by Jaroslav Halak without a rebound.
1:15 of 1st period - Adam Mair wins face-off versus Marc Savard in Blue Jackets zone.
2:28 of 1st period - Snap shot by Mikko Koivu.
2:28 of 1st period - Goal by Mikko Koivu - Blue Jackets : 0 - Sharks : 1.
2:29 of 1st period - Henrik Sedin wins face-off versus Marc Savard in neutral zone.
2:44 of 1st period - Wrist shot by Pavel Bure.
2:44 of 1st period - Stopped by Martin Biron with a rebound.
3:14 of 1st period - Icing by Filip Kuba.
3:15 of 1st period - David Krejci wins face-off versus Jan Bulis in Sharks zone.
3:20 of 1st period - Wrist shot by Jan Bulis.
3:20 of 1st period - Shot Blocked by Filip Kuba.
3:22 of 1st period - Slapshot by Wade Redden.
3:22 of 1st period - Stopped by Martin Biron without a rebound.
3:23 of 1st period - Marc Savard wins face-off versus Henrik Sedin in Sharks zone.
3:38 of 1st period - Wrist shot by Dany Heatley.
3:38 of 1st period - Stopped by Jaroslav Halak with a rebound.
3:48 of 1st period - Wrist shot by Marcus Nilson.
3:48 of 1st period - Shot Blocked by Andrei Markov.
4:04 of 1st period - Jan Bulis is hit by Daniel Sedin and loses puck.
4:11 of 1st period - Backhand shot by Wade Redden.
4:11 of 1st period - Shot Blocked by David Hale.
4:13 of 1st period - Slapshot by Kevin Bieksa.
4:13 of 1st period - Shot Blocked by Ian Laperriere.
4:15 of 1st period - Slapshot by Wade Redden.
4:15 of 1st period - Stopped by Martin Biron with a rebound.
4:27 of 1st period - Marcus Nilson is hit by Andrei Markov and loses puck.
4:36 of 1st period - Wrist shot by Marcus Nilson.
4:36 of 1st period - Goal by Marcus Nilson - Blue Jackets : 1 - Sharks : 1.
4:37 of 1st period - Marc Savard wins face-off versus Henrik Sedin in neutral zone.
5:03 of 1st period - Andrew Ebbett is hit by Tomas Fleischmann and loses puck.
5:14 of 1st period - Wrist shot by Adam Mair.
5:14 of 1st period - Shot Blocked by Branislav Mezei.
5:28 of 1st period - Branislav Mezei is hit by David Krejci and loses puck.
6:09 of 1st period - Kevin Bieksa is hit by Filip Kuba and loses puck.
6:20 of 1st period - Kevin Bieksa is hit by Tomas Fleischmann and loses puck.
6:39 of 1st period - Snap shot by Pavel Bure.
6:39 of 1st period - Shot Misses the Net.
6:41 of 1st period - Backhand shot by Kevin Bieksa.
6:41 of 1st period - Stopped by Martin Biron with a rebound.
6:43 of 1st period - Slapshot by Wade Redden.
6:43 of 1st period - Stopped by Martin Biron with a rebound.
6:51 of 1st period - Snap shot by Pavel Bure.
6:51 of 1st period - Deflect By Marc Savard.
6:51 of 1st period - Shot Misses the Net.
6:51 of 1st period - Puck is out of play.
6:52 of 1st period - Adam Deadmarsh wins face-off versus Henrik Sedin in Sharks zone.
6:53 of 1st period - Slapshot by Michael Frolik.
6:53 of 1st period - Stopped by Martin Biron with a rebound.
6:55 of 1st period - Slapshot by Brad Stuart.
6:55 of 1st period - Deflect By Adam Deadmarsh.
6:55 of 1st period - Shot Misses the Net.
6:55 of 1st period - Puck is out of play.
6:56 of 1st period - Andrew Ebbett wins face-off versus Henrik Sedin in Sharks zone.
7:09 of 1st period - Wrist shot by Andrew Ebbett.
7:09 of 1st period - Shot Blocked by Henrik Sedin.
7:11 of 1st period - Slapshot by Adam Deadmarsh.
7:11 of 1st period - Shot Misses the Net.
7:21 of 1st period - Jan Bulis is hit by Mikko Koivu and loses puck.
7:30 of 1st period - Snap shot by Daniel Sedin.
7:30 of 1st period - Deflect By Marcus Nilson.
7:30 of 1st period - Stopped by Jaroslav Halak without a rebound.
7:31 of 1st period - Henrik Sedin wins face-off versus Andrew Ebbett in Blue Jackets zone.
7:32 of 1st period - Wrist shot by Dany Heatley.
7:32 of 1st period - Deflect By Andrew Ebbett.
7:32 of 1st period - Shot Misses the Net.
7:32 of 1st period - Puck is out of play.
7:33 of 1st period - Henrik Sedin wins face-off versus Andrew Ebbett in Blue Jackets zone.
9:50 of 1st period - Wrist shot by Mikko Koivu.
9:50 of 1st period - Shot Blocked by Brad Stuart.
9:52 of 1st period - Wrist shot by Daniel Sedin.
9:52 of 1st period - Deflect By Marcus Nilson.
9:52 of 1st period - Shot Misses the Net.
9:52 of 1st period - Puck is out of play.
9:53 of 1st period - Henrik Sedin wins face-off versus Marc Savard in Blue Jackets zone.
11:26 of 1st period - Snap shot by Dany Heatley.
11:26 of 1st period - Goal by Dany Heatley - Blue Jackets : 1 - Sharks : 2.
11:27 of 1st period - Henrik Sedin wins face-off versus Marc Savard in neutral zone.
11:30 of 1st period - Kevin Bieksa is hit by Joni Pitkanen.
11:34 of 1st period - Wrist shot by Marc Savard.
11:34 of 1st period - Deflect By Joni Pitkanen.
11:34 of 1st period - Stopped by Martin Biron without a rebound.
11:35 of 1st period - Henrik Sedin wins face-off versus Marc Savard in Sharks zone.
12:51 of 1st period - Slapshot by Henrik Sedin.
12:51 of 1st period - Shot Misses the Net.
12:53 of 1st period - Snap shot by Dany Heatley.
12:53 of 1st period - Shot Misses the Net.
13:04 of 1st period - Icing by Ben Guite.
13:05 of 1st period - Mikko Koivu wins face-off versus Dave Steckel in Blue Jackets zone.
13:20 of 1st period - Slapshot by Brad Stuart.
13:20 of 1st period - Shot Misses the Net.
14:27 of 1st period - Slapshot by Mikko Koivu.
14:27 of 1st period - Stopped by Jaroslav Halak with a rebound.
14:29 of 1st period - Wrist shot by Mikko Koivu.
14:29 of 1st period - Stopped by Jaroslav Halak with a rebound.
15:03 of 1st period - Wrist shot by Daniel Sedin.
15:03 of 1st period - Stopped by Jaroslav Halak with a rebound.
15:05 of 1st period - Slapshot by Andrei Markov.
15:05 of 1st period - Shot Misses the Net.
15:07 of 1st period - Slapshot by Ian Laperriere.
15:07 of 1st period - Shot Misses the Net.
15:31 of 1st period - Snap shot by Daniel Sedin.
15:31 of 1st period - Stopped by Jaroslav Halak with a rebound.
15:33 of 1st period - Snap shot by Ian Laperriere.
15:33 of 1st period - Shot Blocked by Shaone Morrisonn.
15:45 of 1st period - Slapshot by Daniel Sedin.
15:45 of 1st period - Stopped by Jaroslav Halak without a rebound.
15:46 of 1st period - Henrik Sedin wins face-off versus Jan Bulis in Blue Jackets zone.
15:53 of 1st period - Wrist shot by Dany Heatley.
15:53 of 1st period - Shot Blocked by Jan Bulis.
16:15 of 1st period - Snap shot by Patrick Eaves.
16:15 of 1st period - Shot Misses the Net.
16:17 of 1st period - Snap shot by Tomas Fleischmann.
16:17 of 1st period - Deflect By Patrick Eaves.
16:17 of 1st period - Stopped by Jaroslav Halak with a rebound.
16:33 of 1st period - Martin Samuelsson is hit by Adam Deadmarsh.
16:43 of 1st period - Snap shot by Michael Frolik.
16:43 of 1st period - Shot Misses the Net.
16:53 of 1st period - Snap shot by Marcus Nilson.
16:53 of 1st period - Shot Blocked by Adam Pardy.
17:01 of 1st period - Dany Heatley is hit by Derek Morris.
17:16 of 1st period - Filip Kuba is hit by Kevin Bieksa and loses puck.
17:40 of 1st period - Snap shot by David Krejci.
17:40 of 1st period - Shot Blocked by Kevin Bieksa.
18:36 of 1st period - Alex Pietrangelo is hit by Pavel Bure and loses puck.
19:04 of 1st period - Icing by Henrik Sedin.
19:05 of 1st period - Andrew Ebbett wins face-off versus David Krejci in Sharks zone.
19:56 of 1st period - Derek Morris is hit by David Hale and loses puck.
2nd period
0:01 of 2nd period - Henrik Sedin wins face-off versus Marc Savard in neutral zone.
0:06 of 2nd period - Snap shot by Henrik Sedin.
0:06 of 2nd period - Goal by Henrik Sedin - Blue Jackets : 1 - Sharks : 3.
0:07 of 2nd period - Henrik Sedin wins face-off versus Marc Savard in neutral zone.
0:22 of 2nd period - Snap shot by Dany Heatley.
0:22 of 2nd period - Shot Misses the Net.
0:32 of 2nd period - Marc Savard is hit by Joni Pitkanen and loses puck.
2:59 of 2nd period - Snap shot by David Krejci.
2:59 of 2nd period - Stopped by Jaroslav Halak without a rebound.
3:00 of 2nd period - Marc Savard wins face-off versus David Krejci in Blue Jackets zone.
3:21 of 2nd period - Slapshot by David Krejci.
3:21 of 2nd period - Deflect By Marcus Nilson.
3:21 of 2nd period - Shot Blocked by Marcus Nilson.
3:21 of 2nd period - Puck is out of play.
3:22 of 2nd period - Henrik Sedin wins face-off versus Jan Bulis in Blue Jackets zone.
3:35 of 2nd period - Wrist shot by Jason Ward.
3:35 of 2nd period - Stopped by Martin Biron with a rebound.
3:37 of 2nd period - Snap shot by Marcus Nilson.
3:37 of 2nd period - Deflect By Jan Bulis.
3:37 of 2nd period - Stopped by Martin Biron with a rebound.
3:51 of 2nd period - Snap shot by Filip Kuba.
3:51 of 2nd period - Deflect By Tomas Fleischmann.
3:51 of 2nd period - Shot Misses the Net.
3:51 of 2nd period - Puck is out of play.
3:52 of 2nd period - Marc Savard wins face-off versus Adam Mair in Blue Jackets zone.
3:54 of 2nd period - Icing by Pavel Bure.
3:55 of 2nd period - Marc Savard wins face-off versus Henrik Sedin in Blue Jackets zone.
4:25 of 2nd period - Slapshot by Alex Pietrangelo.
4:25 of 2nd period - Stopped by Jaroslav Halak with a rebound.
5:07 of 2nd period - Snap shot by Marc Savard.
5:07 of 2nd period - Shot Blocked by David Krejci.
5:24 of 2nd period - Wrist shot by Ladislav Nagy.
5:24 of 2nd period - Stopped by Martin Biron without a rebound.
5:25 of 2nd period - Henrik Sedin wins face-off versus Jan Bulis in Sharks zone.
5:41 of 2nd period - Minor Penalty to Derek Morris for Diving.
5:42 of 2nd period - Henrik Sedin wins face-off versus Marc Savard in Blue Jackets zone.
7:41 of 2nd period - Penalty to Derek Morris is over, Derek Morris is back on ice.
8:32 of 2nd period - Filip Kuba is hit by Dave Steckel and loses puck.
8:45 of 2nd period - Derek Morris is hit by Filip Kuba.
9:12 of 2nd period - Andrei Markov is hit by Derek Morris and loses puck.
9:16 of 2nd period - Icing by Andrei Markov.
9:17 of 2nd period - Marc Savard wins face-off versus Henrik Sedin in Sharks zone.
9:20 of 2nd period - Snap shot by Pavel Bure.
9:20 of 2nd period - Stopped by Martin Biron without a rebound.
9:21 of 2nd period - Marc Savard wins face-off versus Henrik Sedin in Sharks zone.
9:22 of 2nd period - Snap shot by Pavel Bure.
9:22 of 2nd period - Shot Misses the Net.
9:24 of 2nd period - Snap shot by David Booth.
9:24 of 2nd period - Shot Misses the Net.
9:26 of 2nd period - Snap shot by Pavel Bure.
9:26 of 2nd period - Shot Blocked by Alex Pietrangelo.
9:28 of 2nd period - Slapshot by Wade Redden.
9:28 of 2nd period - Shot Misses the Net.
9:30 of 2nd period - Slapshot by Pavel Bure.
9:30 of 2nd period - Deflect By David Booth.
9:30 of 2nd period - Shot Misses the Net.
9:30 of 2nd period - Puck is out of play.
9:31 of 2nd period - Henrik Sedin wins face-off versus Marc Savard in Sharks zone.
9:53 of 2nd period - Snap shot by Henrik Sedin.
9:53 of 2nd period - Stopped by Jaroslav Halak with a rebound.
9:55 of 2nd period - Slapshot by David Hale.
9:55 of 2nd period - Shot Misses the Net.
9:57 of 2nd period - Snap shot by Henrik Sedin.
9:57 of 2nd period - Goal by Henrik Sedin - Blue Jackets : 1 - Sharks : 4.
9:57 of 2nd period - Miika Kiprusoff enters game.
9:58 of 2nd period - Henrik Sedin wins face-off versus Jan Bulis in neutral zone.
10:07 of 2nd period - Snap shot by Dany Heatley.
10:07 of 2nd period - Stopped by Miika Kiprusoff without a rebound.
10:08 of 2nd period - Henrik Sedin wins face-off versus Jan Bulis in Blue Jackets zone.
10:16 of 2nd period - Minor Penalty to Jason Ward for Hooking.
10:17 of 2nd period - Henrik Sedin wins face-off versus Marc Savard in Blue Jackets zone.
10:28 of 2nd period - Snap shot by Dany Heatley.
10:28 of 2nd period - Shot Misses the Net.
10:44 of 2nd period - Daniel Sedin is hit by Marc Savard and loses puck.
10:53 of 2nd period - Snap shot by Mikko Koivu.
10:53 of 2nd period - Goal by Mikko Koivu - Blue Jackets : 1 - Sharks : 5.
10:54 of 2nd period - Henrik Sedin wins face-off versus Marc Savard in neutral zone.
11:02 of 2nd period - Wrist shot by Pavel Bure.
11:02 of 2nd period - Shot Blocked by Georges Laraque.
11:04 of 2nd period - Slapshot by Wade Redden.
11:04 of 2nd period - Stopped by Martin Biron without a rebound.
11:05 of 2nd period - Henrik Sedin wins face-off versus Marc Savard in Sharks zone.
11:05 of 2nd period - Henrik Sedin is hit by Marc Savard.
11:13 of 2nd period - Wade Redden is hit by Henrik Sedin and loses puck.
11:32 of 2nd period - Daniel Sedin is hit by Jason Ward and loses puck.
12:13 of 2nd period - Slapshot by Kevin Bieksa.
12:13 of 2nd period - Shot Blocked by Martin Samuelsson.
12:15 of 2nd period - Snap shot by Dave Steckel.
12:15 of 2nd period - Shot Misses the Net.
12:17 of 2nd period - Slapshot by Kevin Bieksa.
12:17 of 2nd period - Shot Blocked by Adam Pardy.
12:19 of 2nd period - Snap shot by Dave Steckel.
12:19 of 2nd period - Stopped by Martin Biron with a rebound.
12:21 of 2nd period - Snap shot by Kevin Bieksa.
12:21 of 2nd period - Stopped by Martin Biron without a rebound.
12:22 of 2nd period - Henrik Sedin wins face-off versus Marc Savard in Sharks zone.
12:22 of 2nd period - Henrik Sedin is hit by Marc Savard.
12:33 of 2nd period - Wrist shot by Georges Laraque.
12:33 of 2nd period - Shot Misses the Net.
13:15 of 2nd period - Wrist shot by Michael Frolik.
13:15 of 2nd period - Stopped by Martin Biron with a rebound.
13:36 of 2nd period - Slapshot by Ladislav Nagy.
13:36 of 2nd period - Shot Blocked by David Hale.
13:45 of 2nd period - Minor Penalty to Martin Samuelsson for Hooking.
13:45 of 2nd period - Minor Penalty to Pavel Bure for Slashing.
13:46 of 2nd period - Marc Savard wins face-off versus Dany Heatley in neutral zone.
14:13 of 2nd period - Joni Pitkanen is hit by Kevin Bieksa and loses puck.
14:42 of 2nd period - Marc Savard is hit by Joni Pitkanen and loses puck.
14:57 of 2nd period - Snap shot by Jason Ward.
14:57 of 2nd period - Shot Misses the Net.
15:45 of 2nd period - Penalty to Martin Samuelsson is over, Martin Samuelsson is back on ice.
15:45 of 2nd period - Penalty to Pavel Bure is over, Pavel Bure is back on ice.
16:15 of 2nd period - Slapshot by Mikko Koivu.
16:15 of 2nd period - Deflect By Daniel Sedin.
16:15 of 2nd period - Shot Misses the Net.
16:15 of 2nd period - Puck is out of play.
16:16 of 2nd period - Dave Steckel wins face-off versus Mikko Koivu in Blue Jackets zone.
16:21 of 2nd period - Branislav Mezei is hit by Daniel Sedin and loses puck.
16:38 of 2nd period - Alex Pietrangelo is hit by Marcus Nilson and loses puck.
17:37 of 2nd period - Snap shot by Jason Ward.
17:37 of 2nd period - Stopped by Martin Biron without a rebound.
17:38 of 2nd period - Marc Savard wins face-off versus Henrik Sedin in Sharks zone.
18:00 of 2nd period - Icing by Joni Pitkanen.
18:01 of 2nd period - Henrik Sedin wins face-off versus Jan Bulis in Sharks zone.
18:10 of 2nd period - Snap shot by Adam Mair.
18:10 of 2nd period - Shot Blocked by Jan Bulis.
18:12 of 2nd period - Snap shot by Adam Mair.
18:12 of 2nd period - Stopped by Miika Kiprusoff with a rebound.
18:26 of 2nd period - Slapshot by Filip Kuba.
18:26 of 2nd period - Stopped by Miika Kiprusoff without a rebound.
18:27 of 2nd period - Henrik Sedin wins face-off versus Marc Savard in Blue Jackets zone.
18:28 of 2nd period - Slapshot by Georges Laraque.
18:28 of 2nd period - Stopped by Miika Kiprusoff with a rebound.
18:36 of 2nd period - Wrist shot by Marc Savard.
18:36 of 2nd period - Stopped by Martin Biron without a rebound.
18:37 of 2nd period - Henrik Sedin wins face-off versus Marc Savard in Sharks zone.
18:44 of 2nd period - Snap shot by Marc Savard.
18:44 of 2nd period - Stopped by Martin Biron with a rebound.
18:46 of 2nd period - Snap shot by Pavel Bure.
18:46 of 2nd period - Stopped by Martin Biron without a rebound.
18:47 of 2nd period - Marc Savard wins face-off versus Henrik Sedin in Sharks zone.
18:47 of 2nd period - Minor Penalty to Dany Heatley for Hooking.
18:48 of 2nd period - Marc Savard wins face-off versus Adam Mair in Sharks zone.
19:49 of 2nd period - David Krejci is hit by Branislav Mezei and loses puck.
3rd period
0:01 of 3rd period - Adam Mair wins face-off versus Marc Savard in neutral zone.
0:10 of 3rd period - Slapshot by Henrik Sedin.
0:10 of 3rd period - Deflect By Adam Mair.
0:10 of 3rd period - Shot Misses the Net.
0:10 of 3rd period - Puck is out of play.
0:11 of 3rd period - Henrik Sedin wins face-off versus Marc Savard in Blue Jackets zone.
0:46 of 3rd period - Wrist shot by Jan Bulis.
0:46 of 3rd period - Shot Misses the Net.
0:47 of 3rd period - Penalty to Dany Heatley is over, Dany Heatley is back on ice.
1:22 of 3rd period - Slapshot by Branislav Mezei.
1:22 of 3rd period - Shot Misses the Net.
2:18 of 3rd period - Pavel Bure is hit by Patrick Eaves and loses puck.
2:23 of 3rd period - Slapshot by Patrick Eaves.
2:23 of 3rd period - Stopped by Miika Kiprusoff with a rebound.
2:40 of 3rd period - Derek Morris is hit by David Krejci and loses puck.
3:16 of 3rd period - Snap shot by Ben Guite.
3:16 of 3rd period - Shot Blocked by David Krejci.
3:18 of 3rd period - Snap shot by Ladislav Nagy.
3:18 of 3rd period - Goal by Ladislav Nagy - Blue Jackets : 2 - Sharks : 5.
3:19 of 3rd period - Henrik Sedin wins face-off versus Marc Savard in neutral zone.
3:59 of 3rd period - Marcus Nilson is hit by Mikko Koivu and loses puck.
4:11 of 3rd period - Wrist shot by Jan Bulis.
4:11 of 3rd period - Stopped by Martin Biron without a rebound.
4:12 of 3rd period - Pavel Bure wins face-off versus Henrik Sedin in Sharks zone.
4:13 of 3rd period - Slapshot by David Booth.
4:13 of 3rd period - Stopped by Martin Biron with a rebound.
4:19 of 3rd period - Snap shot by Dany Heatley.
4:19 of 3rd period - Stopped by Miika Kiprusoff with a rebound.
4:28 of 3rd period - Minor Penalty to Pavel Bure for Slashing.
4:29 of 3rd period - Henrik Sedin wins face-off versus Marc Savard in Blue Jackets zone.
4:36 of 3rd period - Backhand shot by Henrik Sedin.
4:36 of 3rd period - Goal by Henrik Sedin - Blue Jackets : 2 - Sharks : 6.
4:37 of 3rd period - Henrik Sedin wins face-off versus Marc Savard in neutral zone.
5:02 of 3rd period - Kevin Bieksa is hit by Mikko Koivu.
5:59 of 3rd period - Wrist shot by Ladislav Nagy.
5:59 of 3rd period - Stopped by Martin Biron without a rebound.
6:00 of 3rd period - Henrik Sedin wins face-off versus Dave Steckel in Sharks zone.
6:26 of 3rd period - Kevin Bieksa is hit by Filip Kuba and loses puck.
6:56 of 3rd period - Minor Penalty to Shaone Morrisonn for Interference.
6:57 of 3rd period - Henrik Sedin wins face-off versus Marc Savard in Blue Jackets zone.
8:56 of 3rd period - Penalty to Shaone Morrisonn is over, Shaone Morrisonn is back on ice.
9:05 of 3rd period - Jason Ward is hit by Andrei Markov.
9:15 of 3rd period - Jason Ward is hit by Ryan Callahan and loses puck.
10:08 of 3rd period - Minor Penalty to Georges Laraque for Hooking.
10:09 of 3rd period - Dany Heatley wins face-off versus Marc Savard in Sharks zone.
11:10 of 3rd period - Marc Savard is hit by Andrei Markov and loses puck.
12:08 of 3rd period - Penalty to Georges Laraque is over, Georges Laraque is back on ice.
12:18 of 3rd period - Dave Steckel is hit by Georges Laraque and loses puck.
12:35 of 3rd period - Backhand shot by Filip Kuba.
12:35 of 3rd period - Stopped by Miika Kiprusoff with a rebound.
12:37 of 3rd period - Wrist shot by Daniel Sedin.
12:37 of 3rd period - Stopped by Miika Kiprusoff with a rebound.
12:43 of 3rd period - Wrist shot by Ladislav Nagy.
12:43 of 3rd period - Shot Misses the Net.
12:47 of 3rd period - Wrist shot by Ladislav Nagy.
12:47 of 3rd period - Stopped by Martin Biron with a rebound.
12:55 of 3rd period - Ben Guite is hit by David Krejci and loses puck.
13:18 of 3rd period - Slapshot by Brad Stuart.
13:18 of 3rd period - Shot Misses the Net.
13:31 of 3rd period - Snap shot by Ladislav Nagy.
13:31 of 3rd period - Shot Blocked by Daniel Sedin.
13:39 of 3rd period - Icing by Adam Pardy.
13:40 of 3rd period - David Krejci wins face-off versus Marc Savard in Sharks zone.
13:57 of 3rd period - David Booth is hit by Daniel Sedin and loses puck.
14:06 of 3rd period - Adam Pardy is hit by Marc Savard and loses puck.
14:33 of 3rd period - Wrist shot by David Krejci.
14:33 of 3rd period - Shot Misses the Net.
14:44 of 3rd period - Off-side.
14:45 of 3rd period - Adam Mair wins face-off versus Jan Bulis in neutral zone.
14:55 of 3rd period - Minor Penalty to Adam Mair for Holding.
14:56 of 3rd period - Dany Heatley wins face-off versus Jan Bulis in Sharks zone.
15:07 of 3rd period - Wrist shot by Adam Deadmarsh.
15:07 of 3rd period - Stopped by Martin Biron without a rebound.
15:08 of 3rd period - Dany Heatley wins face-off versus Marc Savard in Sharks zone.
15:13 of 3rd period - Snap shot by Pavel Bure.
15:13 of 3rd period - Shot Blocked by Dany Heatley.
15:15 of 3rd period - Slapshot by Kevin Bieksa.
15:15 of 3rd period - Stopped by Martin Biron without a rebound.
15:16 of 3rd period - Marc Savard wins face-off versus Dany Heatley in Sharks zone.
15:17 of 3rd period - Snap shot by David Booth.
15:17 of 3rd period - Shot Blocked by Joni Pitkanen.
15:32 of 3rd period - Icing by Kevin Bieksa.
15:33 of 3rd period - Marc Savard wins face-off versus Dany Heatley in Blue Jackets zone.
16:12 of 3rd period - Wrist shot by Marc Savard.
16:12 of 3rd period - Shot Blocked by Joni Pitkanen.
16:14 of 3rd period - Slapshot by Wade Redden.
16:14 of 3rd period - Deflect By Mikko Koivu.
16:14 of 3rd period - Stopped by Martin Biron with a rebound.
16:24 of 3rd period - Wrist shot by Pavel Bure.
16:24 of 3rd period - Stopped by Martin Biron without a rebound.
16:25 of 3rd period - Dany Heatley wins face-off versus Jan Bulis in Sharks zone.
16:38 of 3rd period - Snap shot by Jan Bulis.
16:38 of 3rd period - Deflect By Marcus Nilson.
16:38 of 3rd period - Stopped by Martin Biron with a rebound.
16:55 of 3rd period - Penalty to Adam Mair is over, Adam Mair is back on ice.
Output by the SimonT Hockey Simulator (STHS) for François Prévost -- Original Page W3C XHTML 1.0 Valid